 Dungeon Crawl Stone Soup version 0.29-a0-284-gf9362112df (webtiles) character file.

Game seed: 16212020667713616057

2499 spaghetti the Thaumaturge (level 9, -17/45 HPs)
             Began as an Octopode Earth Elementalist on Mar 22, 2022.
             Was an Elder of Hepliaklqana.
             Killed by the air
             ... invoked by Gastronok
              (26 damage)
             ... on level 8 of the Dungeon.
             The game lasted 00:10:37 (8598 turns).

spaghetti the Thaumaturge (OpEE)                    Turns: 8598, Time: 00:10:37

Health: -17/45     AC:  3    Str:  8    XL:     9   Next: 53%
Magic:  18/21      EV: 13    Int: 21    God:    Hepliaklqana [****..]
Gold:   408        SH:  0    Dex: 10    Spells: 20/25 levels left

rFire   . . .      SeeInvis +   x - +2 dagger (elec) {short}
rCold   . . .      Faith    .   (no shield)
rNeg    . . .      Spirit   .   (helmet restricted)
rPois   .          Reflect  .   (no amulet)
rElec   .          Harm     .   l - ring of resist corrosion
rCorr   +          Rampage  .   o - ring of willpower
Will    +....                   s - ring of see invisible
Stlth   +++.......              (no ring)
HPRegen 0.15/turn               (no ring)
MPRegen 0.17/turn               (no ring)
                                (no ring)
                                (no ring)

@: about to teleport
A: reduced essence, almost no armour, amphibious, 8 rings, camouflage 1,
gelatinous body 1, (nimble swimmer 1), tentacles, iridescent scales 1, clumsy 1,
wild magic 1
a: Renounce Religion, Recall Ancestor, Ancestor Identity, Transference, Idealise


You were on level 8 of the Dungeon.
You worshipped Hepliaklqana.
Hepliaklqana was greatly pleased with you.
You visited 1 branch of the dungeon, and saw 8 of its levels.

You collected 408 gold pieces.


Innate Abilities, Weirdness & Mutations

Your life essence is reduced to manifest your ancestor. (-10% HP)
You cannot wear most types of armour.
You are amphibious.
You can wear up to eight rings at the same time.
Your skin changes colour to match your surroundings (Stealth+).
Your rubbery body absorbs attacks. (AC +1, EV +1)
((You are camouflaged when in or above water. (Stealth+)))
You have tentacles for arms and can constrict up to eight enemies at once.
You are partially covered in iridescent scales. (AC +2)
You are clumsy. (Dex -2)
Your spells are a little harder to cast, but a little more powerful.


   Skills:
 - Level 2.0 Dodging
 - Level 2.6 Stealth
 + Level 8.8 Spellcasting
 - Level 4.0 Conjurations
 - Level 1.0 Transmutations
 - Level 8.0 Earth Magic


You had 20 spell levels left.
You knew the following spells:

 Your Spells              Type           Power      Damage    Failure   Level
a - Stone Arrow           Conj/Erth      88%        3d12      3%          3
b - Passwall              Tmut/Erth      30%        N/A       3%          2

Your spell library contained the following spells:

 Spells                   Type           Power      Damage    Failure   Level
 Sandblast                Erth           100%       2d20      1%          1
 Beastly Appendage        Tmut           34%        N/A       8%          1
 Static Discharge         Conj/Air       22%        N/A       8%          2
 Wereblood                Tmut           17%        N/A       12%         2
 Corpse Rot               Necr/Air       24%        N/A       16%         2
 Poisonous Vapours        Pois/Air       24%        N/A       16%         2
 Petrify                  Tmut/Erth      36%        N/A       17%         4
 Spider Form              Tmut/Pois      14%        N/A       26%         3
 Passage of Golubria      Tloc           12%        N/A       67%         4
 Lightning Bolt           Conj/Air       11%        1d24      73%         5
 Silence                  Hex/Air        6%         N/A       94%         5
 Lehudib's Crystal Spear  Conj/Erth      22%        10d6      100%        8
 Maxwell's Capacitive Co  Air            6%         ∞         100%        8

Inventory:

Hand Weapons
 d - a +0 spear {polearm}
   (You found it on level 1 of the Dungeon)
 x - a +2 dagger of electrocution (weapon) {short}
   (You took it off an orc wizard on level 6 of the Dungeon)
Missiles
 a - 302 stones {throwing}
 c - 15 poisoned darts {throwing}
 v - 2 boomerangs {throwing}
 w - a boomerang of dispersal {=f!fthrowing}
Armour
 n - an orb of light
   (You found it on level 3 of the Dungeon)
Jewellery
 l - a ring of resist corrosion (left tentacle)
   (You found it on level 2 of the Dungeon)
 o - a ring of willpower (right tentacle)
   (You found it on level 3 of the Dungeon)
 s - a ring of see invisible (on tentacle)
   (You found it on level 7 of the Dungeon)
Wands
 p - a wand of flame (34)
   (You found it on level 3 of the Dungeon)
 t - a wand of polymorph (9)
   (You took it off Ijyb on level 5 of the Dungeon)
 D - a wand of iceblast (10)
   (You found it on level 7 of the Dungeon)
Scrolls
 f - 2 scrolls of immolation {!r!r}
 j - a scroll of fear
 k - 4 scrolls of teleportation {@r4}
 m - 2 scrolls of fog
 q - a scroll of torment {!r}
 r - a scroll of enchant armour
 y - a scroll of blinking {!r}
 A - a scroll of enchant weapon
 C - a scroll of magic mapping {!r}
Potions
 b - a potion of magic
 e - 2 potions of heal wounds {unknown}
 g - 6 potions of flight {unknown}
 h - a potion of attraction {unknown}
 i - 8 potions of curing {unknown}
 u - a potion of degeneration {unknown}
 z - 2 potions of resistance {unknown}
 B - a potion of brilliance {unknown}

Dungeon Overview and Level Annotations

Branches:
Dungeon (8/15)             Temple (0/1) D:4
   Lair: D:8-11

Altars:
Elyvilon
Hepliaklqana

Shops:
D:3 (   D:7 [!!

Annotations:
D:8 Gastronok

######. .......
.......#########
.......w....)...
.......#.....#
.......#.....#
.......#R....##
.......h......#
.......h@.....#
..............#
..............#
#######.......#
#.......#
#.......#
#.......#
#.......#
#.......#


You could see the friendly Octavia the knight, Gastronok (ally target) and 2
howler monkeys.


Message History

The orc shouts!
You miscast Stone Arrow.
You are very lightly contaminated with residual magic.
Nothing appears to happen. 😎 MP[-3]
You lost 3 mp, and now have 18/21 mp.
The stone arrow hits the orc!!
You kill the orc! 😎 MP[-3]
You lost 3 mp, and now have 15/21 mp.
You miscast Stone Arrow.
Nothing appears to happen. 😎 MP[-3]
You lost 3 mp, and now have 12/21 mp.
You hit the orc but do no damage. You grab the orc. You squeeze the orc.
You kill the orc!
You hit the orc priest. Your grab misses the orc priest.
You squeeze the orc priest! The orc priest closely misses you.
You hit the orc priest. You grab the orc priest. You constrict the orc priest.
You kill the orc priest! 😎 MP[+1] No target in view!
No target in view!
No target in view!
No target in view!
No target in view!
No target in view!
No target in view!
No target in view!
No target in view!
No target in view!
No target in view!
No target in view!
No target in view!
Your magical contamination has completely faded away. 😎 MP[+1]
Things that are here:
a +0 short sword {short}; a +0 whip {mace}; a +0 chain mail 😎 MP[+7]
Your mp is fully restored (21).
Key pressed, stopping explore.
You now have 389 gold pieces (gained 10).
You now have 394 gold pieces (gained 5).
D - a wand of iceblast (10)
a - 302 stones {throwing} (gained 18)
You swap places.
E - a scroll of identify {@r1} Done exploring.
As you read the scroll of identify {@r1}, it crumbles to dust.
C - a scroll of magic mapping Done exploring.
Done exploring.
Done exploring.
(D) Dungeon (T) Temple
Where to? (Enter - D:7, ? - help)
You see here a +0 chain mail.
There is a stone staircase leading down here.
You climb downwards.
There is a stone staircase leading up here.
Unknown command.
Unknown command.
You swap places.
Key pressed, stopping explore.
You now have 408 gold pieces (gained 14).
You pick up a book of the Moon and begin reading...
You add the spells Passage of Golubria, Silence and Lehudib's Crystal Spear to your library.
A howler monkey comes into view.
A howler monkey is nearby!
The howler monkey hoots and howls with incredible vigour!
You hear a howl!
Gastronok and a howler monkey come into view.
Gastronok gurgles horribly!
The howler monkey hoots and howls with incredible vigour!
You hear a shout! x3
Aiming: Stone Arrow (dangerous; 3% risk of failure)
Press: ? - help, Q - select action, (/) - cycle Shift-Dir - straight line, f - Gastronok
Aim: Gastronok, wearing a +2 hat (100% to hit)
The stone arrow hits Gastronok!!
Gastronok waves his eye-stalks in wide circles.
The air twists around and strikes you!!
Ouch! That really hurt!
* * * LOW HITPOINT WARNING * * *
😨 HP[-28] MP[-3]
You take 28 damage, and now have 17/45 hp.
MASSIVE DAMAGE!! (PAUSE)
You lost 3 mp, and now have 18/21 mp.
Unknown command.
As you read the scroll of teleportation {@r4}, it crumbles to dust.
You feel strangely unstable. The howler monkey misses you.
The howler monkey hits you!
* * * LOW HITPOINT WARNING * * *
😱 HP[-7]
You take 7 damage, and now have 10/45 hp.
The howler monkey attacks as you move away!
The howler monkey hits you.
* * * LOW HITPOINT WARNING * * *
Gastronok waves his eye-stalks in wide circles.
The air twists around and strikes you!!
Ouch! That really hurt!
You die...

Skill      XL: |  1  2  3  4  5  6  7  8  9 |
---------------+----------------------------+-----
Earth Magic    | 4 5 6 7 8 |  8.0
Conjurations   | 4 |  4.0
Spellcasting   | 6 8 |  8.8
Dodging        | |  2.0
Stealth        | |  2.6
Transmutations | |  1.0

Action                   |  1- 3 |  4- 6 |  7- 9 || total
-------------------------+-------+-------+-------++-------
Melee: Unarmed           |     3 |       |       ||     3
       Spear             |    56 |    64 |    37 ||   157
       Constrict         |    15 |    15 |     7 ||    37
       Punch             |     2 |     1 |       ||     3
       Tentacles         |    11 |    18 |    11 ||    40
       Dagger            |       |       |    15 ||    15
 Cast: Sandblast         |    11 |       |       ||    11
       Stone Arrow       |       |     8 |    56 ||    64
Invok: Ancestor Life: Kn |     1 |       |       ||     1
  Use: Scroll            |     5 |     1 |     7 ||    13
       Potion            |     1 |       |       ||     1
 Stab: Sleeping          |     3 |     4 |       ||     7
Armor: Skin              |     8 |    13 |     8 ||    29
Dodge: Dodged            |    45 |    51 |    46 ||   142

Levels and vault maps discovered:
D:1:      mainiacjoe_arrival_reflecting_pool, layout_basic,
          chequers_ecumenical_altar_simple_redux,
          nicolae_concentric_dashed_squares_mild, grunt_decor_clamped,
          st_stairs_7
D:2:      kennysheep_big_flooded_room, layout_loops_corners
D:3:      layout_basic, serial_shops, nicolae_square_shop, dk_vineyard_3,
          eino_tiny_chamber, nicolae_grassy_gnolls
D:4:      layout_basic, minmay_temple_entry_overgrown
D:5:      layout_rooms, elyvilon_altar_3, uniq_ijyb
D:6:      layout_loops_ring, chequers_serial_rivers_room_b
D:7:      layout_cave_pools, serial_shops, nicolae_shop_statue_plus,
          nicolae_diamond_shop, nicolae_take_the_stairs
D:8:      layout_basic, uniq_gastronok

Notes
Turn   | Place    | Note
-------+----------+-------------------------------------------
     0 | D:1      | spaghetti the Octopode Earth Elementalist began the quest
                  | for the Orb.
     0 | D:1      | Reached XP level 1. HP: 11/11 MP: 3/3
     0 | D:1      | magus.rc [v1.9.6]
    35 | D:1      | Found a faded altar of an unknown god.
    86 | D:1      | Prayed at the altar of an unknown god.
    86 | D:1      | Became a worshipper of Hepliaklqana the Forgotten
    86 | D:1      | Reached * piety under Hepliaklqana
    91 | D:1      | Reached XP level 2. HP: 15/15 MP: 3/5
   534 | D:1      | Reached skill level 4 in Earth Magic
   675 | D:1      | Reached XP level 3. HP: 18/18 MP: 4/6
  1439 | D:2      | Reached ** piety under Hepliaklqana
  1440 | D:2      | Remembered your ancestor Octavia as a knight
  2006 | D:2      | Gained mutation: Your spells are a little harder to cast,
                  | but a little more powerful. [potion of mutation]
  2006 | D:2      | Gained mutation: You are clumsy. (Dex -2) [potion of
                  | mutation]
  2006 | D:2      | Gained mutation: You are partially covered in iridescent
                  | scales. (AC +2) [potion of mutation]
  2488 | D:3      | Reached XP level 4. HP: 11/24 MP: 7/7
  2492 | D:3      | Learned a level 3 spell: Stone Arrow
  2495 | D:3      | Learned a level 2 spell: Passwall
  2670 | D:3      | Reached skill level 5 in Earth Magic
  2927 | D:3      | You pick up a book of Vapours and begin reading...
  2927 | D:3      | You add the spells Poisonous Vapours and Corpse Rot to your
                  | library.
  2958 | D:3      | Found Vaemukh's Antique Weapon Boutique.
  3592 | D:4      | You pick up a book of Lightning and begin reading...
  3592 | D:4      | You add the spells Static Discharge, Lightning Bolt and
                  | Maxwell's Capacitive Coupling to your library.
  3599 | D:4      | Reached XP level 5. HP: 26/27 MP: 8/8
  3640 | D:4      | Reached skill level 6 in Earth Magic
  3751 | D:4      | Noticed a black bear
  3755 | D:4      | HP: 5/27 [black bear (8)]
  3756 | D:4      | HP: 2/27 [black bear (3)]
  3758 | D:4      | Killed a black bear
  3759 | D:4      | Reached XP level 6. HP: 3/32 MP: 2/9
  4081 | D:4      | Found a staircase to the Ecumenical Temple.
  4129 | D:4      | Reached *** piety under Hepliaklqana
  4151 | D:4      | Reached skill level 7 in Earth Magic
  5067 | D:5      | Entered Level 5 of the Dungeon
  5111 | D:5      | Reached XP level 7. HP: 19/36 MP: 1/10
  5117 | D:5      | You pick up a book of Changes and begin reading...
  5117 | D:5      | You add the spells Beastly Appendage, Wereblood and Spider
                  | Form to your library.
  5284 | D:5      | Noticed a yak
  5285 | D:5      | Noticed a yak
  5286 | D:5      | Noticed a yak
  5286 | D:5      | Noticed a yak
  5287 | D:5      | Noticed a yak
  5287 | D:5      | Noticed a yak
  5293 | D:5      | Killed a yak
  5294 | D:5      | Reached skill level 8 in Earth Magic
  5294 | D:5      | Reached skill level 2 in Conjurations
  5312 | D:5      | Killed a yak
  5313 | D:5      | Reached skill level 3 in Conjurations
  5317 | D:5      | Killed a yak
  5318 | D:5      | Reached skill level 4 in Conjurations
  5318 | D:5      | Reached XP level 8. HP: 30/41 MP: 1/12
  5401 | D:5      | Killed a yak
  5402 | D:5      | Reached skill level 3 in Spellcasting
  5405 | D:5      | Killed a yak
  5406 | D:5      | Reached skill level 4 in Spellcasting
  5623 | D:5      | Noticed Ijyb
  5627 | D:5      | Killed Ijyb
  5706 | D:5      | Reached skill level 5 in Spellcasting
  6135 | D:5      | Found a white marble altar of Elyvilon.
  6299 | D:5      | Killed a yak
  6300 | D:5      | Reached skill level 6 in Spellcasting
  6471 | D:6      | Reached XP level 9. HP: 45/45 MP: 2/19
  6637 | D:6      | Reached skill level 7 in Spellcasting
  7070 | D:6      | HP: 6/45 [centaur/arrow (8)]
  7748 | D:7      | Reached **** piety under Hepliaklqana
  7755 | D:7      | Reached skill level 8 in Spellcasting
  7818 | D:7      | Found Zasacrus's Armour Shoppe.
  8036 | D:7      | Found Ycasm's Distillery.
  8051 | D:7      | Found Vainy's Distillery.
  8589 | D:8      | You pick up a book of the Moon and begin reading...
  8589 | D:8      | You add the spells Passage of Golubria, Silence and
                  | Lehudib's Crystal Spear to your library.
  8593 | D:8      | Noticed Gastronok
  8597 | D:8      | HP: 10/45 [howler monkey (7)]
  8598 | D:8      | Killed from afar by Gastronok

Vanquished Creatures
  A steam dragon (D:6)
  An ice beast (D:5)
  3 black bears
  A centaur (D:6)
  A phantom (D:7)
  2 bullfrogs (D:7)
  A necrophage (D:4)
  2 hounds
  3 orc priests
  2 jellies (D:6)
  Ijyb (D:5)
  2 iguanas
  3 orc wizards
  A gnoll (D:3)
  4 adders
  2 ufetubi (D:5)
  2 dart slugs (D:1)
  13 orcs
  4 ball pythons
  3 bats
  6 endoplasms
  A giant cockroach (D:1)
  6 goblins
  6 hobgoblins
  2 jackals (D:1)
  9 kobolds
  5 quokkas
  2 rats (D:2)
89 creatures vanquished.

Vanquished Creatures (collateral kills)
  6 yaks (D:5)
  An ogre (D:5)
  A kobold brigand (D:7)
  An orc priest (D:6)
  2 hounds
  3 gnolls (D:3)
  3 adders
  A shadow imp (D:6)
  An orc (D:4)
  A bat (D:2)
  3 endoplasms
  A hobgoblin (D:2)
  A jackal (D:1)
  3 kobolds
  A quokka (D:3)
  2 goblins
31 creatures vanquished.

Vanquished Creatures (others)
  5 plants (D:3)
5 creatures vanquished.

Grand Total: 125 creatures vanquished

Table legend:
 A = Non-vault XP
 B = Vault XP
 C = Vault XP percentage of total XP
 D = Non-vault monster count
 E = Vault monster count
 F = Vault count percentage of total count
                 A         B        C        D         E       F
            +---------+---------+-------+---------+---------+-------
      Total |    3473 |      97 |   2.7 |     112 |       8 |   6.7
            +---------+---------+-------+---------+---------+-------
        D:1 |      39 |       2 |   4.9 |      18 |       1 |   5.3
        D:2 |      32 |       2 |   5.9 |      12 |       2 |  14.3
        D:3 |      25 |      57 |  69.5 |       8 |       4 |  33.3
        D:4 |     346 |       0 |   0.0 |      20 |       0 |   0.0
        D:5 |    1612 |      36 |   2.2 |      15 |       1 |   6.2
        D:6 |     823 |       0 |   0.0 |      22 |       0 |   0.0
        D:7 |     596 |       0 |   0.0 |      17 |       0 |   0.0
            +---------+---------+-------+---------+---------+-------

Illustrated notes

Table legend:
 A = Kills in this place as a percentage of kills in entire the game.
 B = Kills by you in this place as a percentage of kills by you in the entire game.
 C = Kills by friends in this place as a percentage of kills by friends in the entire game.
 D = Other kills in this place as a percentage of other kills in the entire game.
 E = Experience gained in this place as a percentage of experience gained in the entire game.
 F = Experience gained in this place divided by the number of levels of this place that you have seen.
                   A       B       C       D       E      F
               +-------+-------+-------+-------+-------+----------------------
         Total | 100.0 | 100.0 | 100.0 |   N/A | 100.0 | 446.2
       Dungeon | 100.0 | 100.0 | 100.0 |   N/A | 100.0 | 446.2
               +-------+-------+-------+-------+-------+----------------------

Table legend: (Time is in decaauts)
 A = Elapsed time spent in this place.
 B = Non-inter-level travel time spent in this place.
 C = Inter-level travel time spent in this place.
 D = Time resting spent in this place.
 E = Time spent auto-exploring this place.
 F = Levels seen in this place.
 G = Mean time per level.
                   A        B        C        D        E       F      G
               +--------+--------+--------+--------+--------+-----+--------+
         Total |   8611 |   8390 |    221 |   1286 |   6264 |   8 | 1076.4 |
       Dungeon |   8611 |   8390 |    221 |   1286 |   6264 |   8 | 1076.4 |
               +--------+--------+--------+--------+--------+-----+--------+

Top non-repeatable levels by time:
     D:4: 1564 daAuts
     D:6: 1352 daAuts
     D:2: 1295 daAuts
     D:5: 1248 daAuts
     D:3: 1168 daAuts
     D:1: 1128 daAuts
     D:7: 808 daAuts
     D:8: 45 daAuts
